 Dungeon Crawl Stone Soup version 0.32-a0-12-g7fc57aa741 (webtiles) character file.

Game seed: 6345366265184093654

2 Bapho the Ruffian (level 1, 0/9 HPs)
             Began as a Draconian Shapeshifter on Jan 14, 2024.
             Frozen to death by an endoplasm (4 damage)
             ... on level 1 of the Dungeon.
             The game lasted 00:00:24 (30 turns).

Bapho the Ruffian (Draconian Shapeshifter)            Turns: 30, Time: 00:00:25

Health: 0/9        AC:  8    Str: 16    XL:     1   Next: 33%
Magic:  1/1        EV: 16    Int: 10    God:
Gold:   0          SH:  0    Dex: 10    Spells: 0/0 levels left

rFire   . .          .
                       - Unarmed
rCold   . . .        (shield currently unavailable)
rNeg    . . .        (body armour unavailable)
rPois   .            (helmet restricted)
rElec   .            (no cloak)
rCorr   .            (no gloves)
SInv    .            (no boots)
Will    .....        (no amulet)
Stlth   +            d - +4 ring of protection
HPRegen 0.21/turn    (no ring)
MPRegen 0.07/turn

%: no passive effects
@: flux-form, slowed, glowing, very slow
A: glow, contaminating, reduced hp, AC +4, unfitting armour, cold-blooded
a: Begin Untransformation


You were on level 1 of the Dungeon.
You were something dangerously unstable.
You visited 1 branch of the dungeon, and saw 1 of its levels.

Inventory:

Jewellery
 d - a +4 ring of protection (left hand)
Talismans
 b - a beast talisman
 c - a flux talisman (active)
Scrolls
 e - a scroll of silence {unknown}
Potions
 a - a potion of lignification


   Skills:
 - Level 1.1 Fighting
 - Level 1.7 Dodging
 + Level 3.1 Unarmed Combat
 + Level 3.0 Shapeshifting


You couldn't memorise any spells.
You didn't know any spells.
Your spell library was empty.

Dungeon Overview and Level Annotations

Branches:
Dungeon (1/15)

Altars:

Annotations:
D:1 1 transporter


Innate Abilities, Weirdness & Mutations

You are something dangerously unstable.
You glow with magical radiation, making you easy to see and hit.
Foes you strike become dangerously contaminated with magical radiation.
Your maximum health is decreased, since you lack skill for your form.
You are incapable of wielding weapons or throwing items.
Your plain brown scales are hard. (AC +4)
You cannot fit into any form of body armour.
You are cold-blooded and may be slowed by cold attacks.


Message History

The frilled lizard hisses angrily. x2
You hit the endoplasm.
The endoplasm begins to glow.
The endoplasm is lightly wounded.
A frilled lizard comes into view. x2
The frilled lizard hisses angrily.
You hit the endoplasm but do no damage.
The endoplasm glows dangerously bright.
The endoplasm is lightly wounded.
The endoplasm barely misses you.
An endoplasm comes into view.
A frilled lizard comes into view.
You hit the endoplasm.
The endoplasm shudders as magic cascades through it!
You kill the endoplasm!
You hit the frilled lizard.
You kill the frilled lizard!
Unknown command.
You barely miss the frilled lizard.
Your tail-slap misses the frilled lizard.
The frilled lizard barely misses you. x2
You miss the frilled lizard. The frilled lizard barely misses you.
The frilled lizard misses you.
You hit the frilled lizard but do no damage.
The frilled lizard begins to glow.
The frilled lizard closely misses you.
The frilled lizard completely misses you.
You hit the frilled lizard.
You kill the frilled lizard!
The frilled lizard misses you.
You hit the endoplasm.
The endoplasm begins to glow.
The endoplasm is heavily wounded.
The endoplasm freezes you.
You are frozen.
Ouch! That really hurt!
You feel yourself slow down.
You are too injured to fight recklessly!
You are too injured to fight recklessly!
You hit the frilled lizard.
The frilled lizard begins to glow.
The frilled lizard is heavily wounded.
The frilled lizard completely misses you.
The endoplasm freezes you.
You are frozen.
You die...

.####≈≈~...~≈≈≈≈##
....#≈≈~~.~≈≈≈≈≈#
....≈≈≈.≈≈≈≈≈≈~#
##..≈≈≈≈.≈≈≈≈≈##
##..~~≈~[~≈~##
##...l..#####
#..†ll........
#.>..#.#J####....
...###l#p# .#. ...
.l#l# J.....
~~~.#..# ~~~~.....
~~~~~.##### ~~~
~~~


You could see an endoplasm (contam) and 4 frilled lizards.

Vanquished Creatures
  An endoplasm (D:1)
  2 frilled lizards (D:1)
3 creatures vanquished.

Notes
Turn   | Place    | Note
-------+----------+-------------------------------------------
     0 | D:1      | Bapho the Draconian Shapeshifter began the quest for the
                  | Orb.
     0 | D:1      | Reached XP level 1. HP: 16/16 MP: 1/1
    30 | D:1      | Frozen to death by an endoplasm

Illustrated notes

Levels and vault maps discovered:
D:1:      spicycebolla_arrival_transporter_tutorial, layout_rooms,
          minmay_lizard_pond

Action                     || total
---------------------------++-------
  Melee: Unarmed           ||    10
  Dodge: Dodged            ||    10
   Form: Flux              ||     1

Table legend: (Time is in decaauts)
 A = Elapsed time spent in this place.
 B = Non-inter-level travel time spent in this place.
 C = Inter-level travel time spent in this place.
 D = Time resting spent in this place.
 E = Time spent auto-exploring this place.
 F = Levels seen in this place.
 G = Mean time per level.
                   A        B        C        D        E       F      G
               +--------+--------+--------+--------+--------+-----+--------+
         Total |     28 |     28 |      0 |      0 |      0 |   1 |   28.0 |
       Dungeon |     28 |     28 |      0 |      0 |      0 |   1 |   28.0 |
               +--------+--------+--------+--------+--------+-----+--------+

Top non-repeatable levels by time:
     D:1: 28 daAuts
